 Dungeon Crawl Stone Soup version 0.25-a0-166-g16436c4407 (webtiles) character file.

Game seed: 10466503732164053547, levelgen mode: deterministic

428090 tilp the Cloud Mage (level 23, -35/152 HPs)
             Began as a Tengu Air Elementalist on Nov 19, 2019.
             Was an Elder of Sif Muna.
             Killed by the air
             ... invoked by a titan
              (38 damage)
             ... on level 5 of the Vaults on Nov 23, 2019.
             The game lasted 05:00:56 (93642 turns).

tilp the Cloud Mage (Tengu Air Elementalist)       Turns: 93642, Time: 05:00:56

Health: -35/152    AC: 14    Str: 10    XL:     23   Next: 85%
Magic:  0/43       EV: 24    Int: 34    God:    Sif Muna [****..]
Gold:   966        SH:  8    Dex: 15    Spells: 9/52 levels left

rFire    + + .     SeeInvis .   a - staff of air
rCold    + . .     Gourm    .   V - +2 buckler
rNeg     . . .     Faith    .   p - +2 robe {MR+}
rPois    .         Spirit   +   F - +2 hat {MR+}
rElec    +         Reflect  .   u - scarf {repulsion}
rCorr    .         Harm     .   q - +1 pair of gloves of Atheism {Regen+}
MR       +++..                  (boots unavailable)
Stlth    +++.......             O - amulet "Sosufue" {Spirit rF++ rC+ Int+5}
HPRegen  0.75/turn              M - +6 ring of protection
MPRegen  0.28/turn              m - +5 ring of intelligence

@: studying Dodging, repel missiles
A: beak, talons 3, able to fly
}: 2/15 runes: decaying, serpentine
a: Fly, Channel Magic, Forget Spell, Divine Exegesis, Renounce Religion


You were on level 5 of the Vaults.
You worshipped Sif Muna.
Sif Muna was greatly pleased with you.
You were not hungry.

You visited 8 branches of the dungeon, and saw 44 of its levels.
You visited the Abyss 1 time.
You visited 2 bazaars.
You also visited: Ice Cave.

You collected 5524 gold pieces.
You spent 4558 gold pieces at shops.

Inventory:

Missiles
 w - a curare-tipped dart (quivered)
Armour
 p - a +2 robe of magic resistance (worn)
 q - the +1 pair of gloves of Atheism (worn) {Regen+}
   (You bought it in a shop on level 2 of the Orcish Mines)

   It increases your rate of regeneration.
 u - a scarf of repulsion (worn)
 F - a +2 hat of magic resistance (worn)
 V - a +2 buckler (worn)
Magical Staves
 a - an uncursed staff of air (weapon)
Jewellery
 m - a +5 ring of intelligence (right hand)
 r - an uncursed ring of resist corrosion
 C - an uncursed ring of see invisible
 J - the ring of the King {Wiz rPois rF+}
   (You took it off a deep elf mage on level 3 of the Elven Halls)

   [ring of wizardry]

   It improves your spell success rate.
   It protects you from fire.
   It protects you from poison.
 M - a +6 ring of protection (left hand)
 O - the amulet "Sosufue" (around neck) {Spirit rF++ rC+ Int+5}
   (You took it off a deep elf annihilator on level 3 of the Elven Halls)

   [amulet of guardian spirit]

   It causes incoming damage to be split between your health and magic.
   It affects your intelligence (+5).
   It greatly protects you from fire.
   It protects you from cold.
 W - an uncursed ring of protection from magic
 X - an uncursed ring of positive energy
Wands
 d - a wand of paralysis (37)
 g - a wand of iceblast (38)
 t - a wand of digging (12)
 H - a wand of scattershot (1)
 K - a wand of acid (35)
Scrolls
 f - 22 scrolls of remove curse
 h - 2 scrolls of summoning
 i - 8 scrolls of teleportation
 l - 6 scrolls of magic mapping
 n - 5 scrolls of fear
 o - a scroll of silence
 B - 5 scrolls of amnesia
 G - 4 scrolls of blinking
 L - 4 scrolls of enchant armour
 N - 12 scrolls of fog
 Q - 11 scrolls of identify
 R - 2 scrolls of holy word
 Y - 3 scrolls of vulnerability
Potions
 b - 4 potions of cancellation
 e - 5 potions of magic
 j - 4 potions of invisibility
 k - 8 potions of heal wounds
 s - 16 potions of curing
 v - 4 potions of resistance
 x - 11 potions of might
 A - 6 potions of agility
 I - 8 potions of mutation
 P - 8 potions of haste
 S - 7 potions of brilliance
 T - 8 potions of ambrosia
Books
 D - a manual of Dodging
Miscellaneous
 y - 2 sacks of spiders
 z - a lamp of fire
 U - 3 boxes of beasts
 Z - a fan of gales
Comestibles
 c - 24 rations


   Skills:
 - Level 18.0 Fighting
 - Level 12.0 Staves
 + Level 16.6 Dodging
 - Level 4.0 Stealth
 - Level 9.4 Shields
 - Level 15.0 Spellcasting
 - Level 15.0 Conjurations
 + Level 21.7 Air Magic
 - Level 15.0 Invocations
 - Level 8.0 Evocations


You had 9 spell levels left.
You knew the following spells:

 Your Spells              Type           Power        Failure   Level  Hunger
a - Silence               Hex/Air        #######...   1%          5    None
b - Swiftness             Chrm/Air       #######.     1%          2    None
c - Static Discharge      Conj/Air       ########     0%          3    None
d - Airstrike             Air            ########..   0%          4    None
e - Lightning Bolt        Conj/Air       ########..   1%          5    None
f - Summon Lightning Spi  Summ/Air       #######.     1%          4    None
g - Conjure Ball Lightni  Conj/Air       ########..   1%          6    ##.....
h - Apportation           Tloc           ####..       1%          1    None
i - Regeneration          Chrm/Necr      ####......   4%          3    None
k - Freezing Cloud        Conj/Ice/Air   ########..   1%          6    ##.....
l - Summon Butterflies    Summ           ####....     1%          1    None
m - Ozocubu's Armour      Chrm/Ice       ####....     4%          3    None

Your spell library contained the following spells:

 Spells                   Type           Power        Failure   Level  Hunger
 Shock                    Conj/Air       ####         0%          1    None
 Animate Skeleton         Necr           N/A          1%          1    None
 Corona                   Hex            ####...      1%          1    None
 Flame Tongue             Conj/Fire      #####        1%          1    None
 Freeze                   Ice            ####         1%          1    None
 Pain                     Necr           ####         1%          1    None
 Sandblast                Erth           ####..       1%          1    None
 Sting                    Conj/Pois      ####         1%          1    None
 Summon Small Mammal      Summ           ####         1%          1    None
 Throw Flame              Conj/Fire      ######       1%          2    None
 Throw Frost              Conj/Ice       ######       1%          2    None
 Conjure Flame            Conj/Fire      ######..     1%          3    None
 Dazzling Spray           Conj/Hex       ######       1%          3    None
 Mephitic Cloud           Conj/Pois/Air  ########     1%          3    None
 Stone Arrow              Conj/Erth      ######       1%          3    None
 Force Lance              Conj/Tloc      ######..     1%          4    None
 Sticky Flame             Conj/Fire      ######..     1%          4    None
 Throw Icicle             Conj/Ice       ######..     1%          4    None
 Fireball                 Conj/Fire      ######....   1%          5    None
 Irradiate                Conj/Tmut      ######....   1%          5    None
 Iskenderun's Battlesphe  Conj/Chrm      ######..     1%          5    None
 Venom Bolt               Conj/Pois      ######....   1%          5    None
 Call Imp                 Summ           ####....     2%          2    None
 Ensorcelled Hibernation  Hex/Ice        ####..       2%          2    None
 Passwall                 Tmut/Erth      ####....     2%          2    None
 Slow                     Hex            ####....     2%          2    None
 Orb of Destruction       Conj           #######...   2%          7    ####...
 Call Canine Familiar     Summ           ####....     4%          3    None
 Confuse                  Hex            ####....     4%          3    None
 Gell's Gravitas          Tloc           ####......   4%          3    None
 Ignite Poison            Fire/Tmut/Pois ####....     4%          3    None
 Inner Flame              Hex/Fire       ####....     4%          3    None
 Lesser Beckoning         Tloc           ####......   4%          3    None
 Portal Projectile        Hex/Tloc       ####..       4%          3    None
 Recall                   Summ/Tloc      N/A          4%          3    None
 Summon Guardian Golem    Hex/Summ       ####....     4%          3    None
 Tukima's Dance           Hex            ####....     4%          3    None
 Vampiric Draining        Necr           ####......   4%          3    None
 Bolt of Magma            Conj/Fire/Erth ######....   5%          5    None
 Bolt of Fire             Conj/Fire      ######....   11%         6    ##.....
 Iron Shot                Conj/Erth      ######....   11%         6    ##.....
 Poison Arrow             Conj/Pois      ######....   11%         6    ##.....
 Animate Dead             Necr           N/A          16%         4    None
 Cause Fear               Hex            ####......   16%         4    None
 Leda's Liquefaction      Hex/Erth       ####......   16%         4    None
 Passage of Golubria      Tloc           N/A          16%         4    None
 Petrify                  Tmut/Erth      ####....     16%         4    None
 Summon Ice Beast         Ice/Summ       ####....     16%         4    None
 Alistair's Intoxication  Tmut/Pois      ####....     41%         5    None
 Borgnjor's Vile Clutch   Necr/Erth      ####......   41%         5    None
 Lee's Rapid Deconstruct  Erth           ####......   41%         5    None
 Summon Mana Viper        Hex/Summ       ####....     41%         5    None
 Yara's Violent Unravell  Hex/Tmut       ####......   41%         5    None
 Spellforged Servitor     Conj/Summ      ######....   52%         7    ####...
 Darkness                 Hex            ####......   94%         6    ##.....
 Death Channel            Necr           ####......   94%         6    ##.....
 Dispersal                Tloc           ####......   94%         6    ##.....
 Hydra Form               Tmut           ####......   94%         6    ##.....
 Invisibility             Hex            ####....     94%         6    ##.....
 Shadow Creatures         Summ           N/A          94%         6    ##.....
 Simulacrum               Ice/Necr       ####......   94%         6    ##.....
 Statue Form              Tmut/Erth      ####.....    94%         6    ##.....
 Dragon Form              Tmut           ####......   100%        7    ####...
 Ring of Flames           Chrm/Fire      ####......   100%        7    ####...
 Summon Hydra             Summ           ####......   100%        7    ####...
 Controlled Blink         Tloc           N/A          100%        8    ######.
 Disjunction              Tloc           ####......   100%        8    ######.
 Ignition                 Fire           ####......   100%        8    ######.
 Fire Storm               Conj/Fire      ######....   100%        9    #######
 Glaciate                 Conj/Ice       ######....   100%        9    #######


Dungeon Overview and Level Annotations

Branches:
Dungeon (15/15)            Temple (0/1) D:7            Lair (6/6) D:8
  Swamp (4/4) Lair:4        Snake (4/4) Lair:4        Slime (0/5) Lair:5
    Orc (2/2) D:12            Elf (3/3) Orc:2        Vaults (5/5) D:13
  Crypt (0/3) Vaults:2     Depths (5/5) D:15            Zot (0/5) Depths:5
  IceCv (visited)

Altars:
Ashenzari
Cheibriados
Dithmenos
Gozag
Hepliaklqana
Kikubaaqudgha
Sif Muna
Trog
Vehumet
Wu Jian
Xom
Yredelemnul
Zin
Beogh

Shops:
D:10 ?   Orc:1 =   Orc:2 [([*   Elf:3 !   Snake:3 *   Vaults:2 }   Vaults:4 (
Depths:4 =}(

Portals:
Hell: Depths:1 Depths:2 Depths:3 Depths:4 Depths:5
Abyss: Depths:1 Depths:3 Depths:4 Depths:5
Pandemonium: Depths:3
Ziggurat: Depths:5
Trove: D:10 (show abyssal rune of Zot)

Annotations:
D:8 ! death knight roaming
D:10 trove (abyssal rune)
D:15 1 runed translucent door, Jeoraust's ghost, journeyman MiFi; Roxanne
Swamp:3 ! bone dragon
Swamp:4 ! bone dragon
Snake:3 1 runed translucent door, vurker's ghost, adept FoAK
Elf:1 1 runed translucent door, Zeximyuf's ghost, adept OpFi
Elf:2 3 runed translucent doors
Depths:3 2 transporters


Innate Abilities, Weirdness & Mutations

You have a beak for a mouth.
You have claws for feet.
You can fly continuously.


Message History

You feel a surge of power!
The air twists around and strikes the ettin!!
You kill the ettin!
Sif Muna accepts your kill.
Okay, then.
You float gracefully downwards.
The frost giant casts a spell at you. The bolt of cold misses you.
Unknown command.
The frost giant hits you with a +2 battleaxe of freezing.
* * * LOW HITPOINT WARNING * * *
The titan gestures at you while chanting.
The bolt of lightning misses you.
The frost giant hits you with a +2 battleaxe of freezing!!
* * * LOW HITPOINT WARNING * * *
The frost giant freezes you.
* * * LOW HITPOINT WARNING * * *
The titan waves its arms in wide circles.
The air twists around and strikes you!!!
You die...

*************,,,,*
,*,,,,,,*,,,,,...#
,,,,,,,,,,,,,,#..#
,,,,,,,,,,,,,,#..#
,*,,,,,,*,,,,,#..#
***,,,,***,,,*#..#
,*,,,,,,*,,,,,#(.#
,*,,,,,,,,,,,,#..#
,*,,,,,,,,,,,,#.@#
,*,,,,,,,,,,,,#..#
,*,,,,,,*,,,,,#C.#
**********,,,*#.)#
,*,,,,,,*,,,,,#.)#
,*,,,,,,,,,,,,#.)#
,*,,,,,,,,,,,,#.)#
,*,,,,,,,,,,,,#.C#
,*,,,,,,*,,,,,#))#


You could see a titan and a frost giant.

Vanquished Creatures
  A juggernaut (Depths:4)
  A caustic shrike (Depths:4)
  A golden dragon (Depths:4)
  A tentacled monstrosity (Depths:4)
  Jorgrun (D:12)
  3 deep elf master archers (Elf:3)
  3 liches
  5 sphinxes
  A deep elf blademaster (Elf:3)
  Kirke (Swamp:2)
  2 tengu reavers
  Agnes (Snake:4)
  3 thorn hunters
  A storm dragon (Depths:4)
  7 nagarajas
  6 deep elf sorcerers (Elf:3)
  2 frost giants
  2 orc warlords (Orc:2)
  3 fire giants
  Louise (Snake:4)
  A draconian scorcher (Depths:5)
  An iron dragon (Depths:5)
  5 vault wardens
  3 draconian stormcallers (Depths:5)
  2 deep elf elementalists (Elf:3)
  11 ironheart preservers
  A ghoul (Vaults:2)
  A war gargoyle (Vaults:5)
  17 very ugly things
  8 stone giants
  3 vampire knights
  3 deep elf demonologists
  6 deep elf annihilators
  3 spark wasps
  2 white draconians (Depths:5)
  2 red draconians (Depths:5)
  A spark wasp (shapeshifter) (Vaults:3)
  A merfolk impaler (Depths:1)
  4 ettins
  10 fire dragons
  A fire dragon (shapeshifter) (Vaults:4)
  Josephine (D:11)
  4 deep elf death magi
  10 ogre magi
  5 yaktaur captains
  22 hydras
  3 deep elf high priests (Elf:3)
  6 vault guards
  19 ice dragons
  6 great orbs of eyes
  A hell beast (Depths:3)
  3 death knights
  9 naga warriors
  2 rakshasas (Depths:1)
  A spriggan air mage (Depths:5)
  3 shambling mangroves (Swamp:2)
  An anaconda (shapeshifter) (Depths:3)
  6 centaur warriors
  3 anacondas
  Erica (Lair:2)
  11 dancing weapons
  4 ghost crabs
  22 alligators
  28 two-headed ogres
  10 deep troll earth magi
  A death yak (shapeshifter) (Depths:5)
  5 deep troll shamans
  6 tengu warriors
  An orc high priest (Orc:2)
  7 shock serpents
  A vampire mage (Depths:1)
  2 spriggan berserkers
  3 wretched stars (Abyss:2)
  2 thrashing horrors (Abyss:2)
  Nergalle (Lair:2)
  13 deep elf knights
  2 naga sharpshooters
  12 hell knights
  An iron troll (shapeshifter) (Depths:4)
  A fire crab (Lair:6)
  5 unseen horrors
  6 skeletal warriors
  A golden dragon zombie (Depths:3)
  An iron troll (Depths:2)
  2 shadow wraiths
  A death drake (Swamp:4)
  6 flayed ghosts
  22 deep trolls
  2 naga ritualists
  2 spectral hydras (Swamp:4)
  3 wizards
  A glowing orange brain (Depths:5)
  A golden dragon skeleton (Depths:4)
  9 deep elf archers
  A death drake (shapeshifter) (Vaults:3)
  8 orc knights
  3 necromancers
  4 phantasmal warriors
  6 swamp dragons
  A mana viper (shapeshifter) (Depths:4)
  7 ironbrand convokers
  7 orc sorcerers
  7 harpies
  An iron dragon zombie (Depths:4)
  37 deep elf magi
  2 wolf spiders
  An orb spider (shapeshifter) (Vaults:2)
  5 mana vipers
  A fire giant zombie (Depths:3)
  A sphinx skeleton (Depths:3)
  31 ugly things
  2 manticores (D:15)
  A salamander (shapeshifter) (Depths:3)
  A worldbinder (Abyss:2)
  A stone giant zombie (Vaults:4)
  5 salamanders
  7 elephants (Lair:6)
  A cyclops (Vaults:2)
  2 ice statues
  3 guardian serpents
  7 vault sentinels
  A stone giant skeleton (Vaults:3)
  An orange demon (Depths:3)
  2 rust devils
  5 naga magi
  A titan simulacrum (Depths:3)
  A human skeleton (Vaults:4)
  A smoke demon (Abyss:2)
  A molten gargoyle (Lair:6)
  29 black mambas
  8 apocalypse crabs (Depths:2)
  An eye of devastation (Lair:5)
  12 spiny frogs
  2 gargoyles
  2 spiny frogs (shapeshifter) (D:15)
  A hellion (Depths:3)
  2 swamp worm zombies (Swamp:4)
  A yaktaur (shapeshifter) (Vaults:2)
  5 freezing wraiths
  A komodo dragon (shapeshifter) (Vaults:3)
  2 kobold demonologists
  4 centaur skeletons
  7 komodo dragons
  43 yaktaurs
  A demonic crawler (Abyss:2)
  A rime drake (Lair:6)
  An ice devil (Depths:3)
  3 red devils (Depths:3)
  A hellwing (Abyss:2)
  2 hydra zombies (Swamp:4)
  9 tengu conjurers
  2 yaktaur skeletons
  9 trolls
  18 polar bears
  2 ancient zymes (Abyss:2)
  14 hornets
  2 large abominations
  A raiju (shapeshifter) (Vaults:3)
  27 slime creatures
  2 tyrant leeches
  7 blink frogs
  4 spectral swamp dragons (Swamp:4)
  A frost giant simulacrum (Depths:3)
  4 snapping turtles (D:13)
  4 dream sheep
  6 alligator zombies (Swamp:4)
  6 bog bodies
  A meliai zombie (D:14)
  12 hippogriffs
  A centaur simulacrum (D:15)
  10 flying skulls
  3 air elementals (Elf:1)
  4 water elementals
  3 shadows
  5 wyverns
  A ynoxinul (Abyss:2)
  A dire elephant simulacrum (Abyss:2)
  6 spriggans
  3 vampires
  5 wraiths
  34 yaks
  2 fire elementals (Elf:1)
  2 fire bats (Depths:2)
  A human (Swamp:2)
  4 basilisks
  2 basilisks (shapeshifter)
  2 chaos spawn (Abyss:2)
  Eustachio (D:6)
  2 steam dragons
  3 neqoxecs (Abyss:2)
  19 vampire mosquitoes
  2 hungry ghosts
  15 insubstantial wisps
  41 nagas
  A water moccasin (shapeshifter) (D:13)
  4 wargs
  19 swamp worms
  3 acid dragons
  6 hell hounds
  A hornet zombie (D:10)
  7 swamp drakes
  15 porcupines
  21 water moccasins
  36 orc warriors
  6 ice beasts
  A sky beast (D:7)
  3 swamp dragon zombies (Swamp:4)
  5 phantoms
  A black bear (D:8)
  9 wolves
  2 eyes of draining
  31 ogres
  5 boggarts (Vaults:2)
  8 centaurs
  An elf skeleton (Vaults:3)
  13 crocodiles
  3 big kobolds
  14 bullfrogs
  4 small abominations (Abyss:2)
  4 earth elementals
  A wyvern skeleton (D:14)
  2 scorpions
  A human simulacrum (Vaults:2)
  10 killer bees
  7 electric eels
  4 howler monkeys
  5 centaur zombies
  13 crimson imps
  2 bullfrog zombies
  5 lava snakes (Lair:6)
  8 hounds
  3 quasits
  An iron imp (Abyss:2)
  6 jellies
  3 bullfrog skeletons
  19 orc priests
  33 orc wizards
  Jessica (D:2)
  2 iguanas
  8 hell rats
  A spectral swamp drake (Swamp:4)
  10 worker ants
  A hound zombie (D:6)
  A hound skeleton (D:5)
  A howler monkey zombie (D:5)
  A worker ant zombie (D:7)
  6 gnolls
  A howler monkey skeleton (D:8)
  22 adders
  A swamp drake zombie (Swamp:4)
  5 shadow imps
  2 white imps
  An adder zombie (D:5)
  3 worms
  A worm (shapeshifter) (Depths:5)
  2 dart slugs
  7 leopard geckos
  114 orcs
  8 bats
  6 goblins
  9 hobgoblins
  5 jackals
  13 kobolds
  8 quokkas
  3 ball pythons
  5 frilled lizards
  A jackal skeleton (D:5)
  A quokka skeleton (D:9)
  4 rats
  A butterfly (Lair:5)
  3 crawling corpses (Vaults:2)
  2 fungi (D:8)
  A plant (D:8)
1638 creatures vanquished.

Vanquished Creatures (collateral kills)
  2 juggernauts (Depths:5)
  Saint Roka (Elf:3)
  A lich (Vaults:2)
  An acid blob (shapeshifter) (Depths:3)
  Frances (D:13)
  Gastronok (Lair:2)
  A tengu reaver (Vaults:2)
  2 nagarajas (Snake:4)
  A frost giant (Depths:5)
  Aizul (Vaults:1)
  2 iron dragons
  3 vault wardens
  A deep elf elementalist (Elf:3)
  A draconian stormcaller (Depths:5)
  2 ironheart preservers
  A very ugly thing (Vaults:2)
  A stone giant (Depths:4)
  A draconian annihilator (Abyss:2)
  A deep elf demonologist (Vaults:2)
  A deep elf annihilator (Elf:3)
  A deep elf high priest (Elf:3)
  3 fire dragons
  A crystal guardian (Vaults:4)
  A yaktaur captain (Vaults:3)
  4 naga warriors (Snake:4)
  A great orb of eyes (Depths:4)
  Harold (Orc:1)
  2 vault guards
  An ogre mage (Vaults:4)
  6 hydras
  2 two-headed ogres
  An alligator (Swamp:2)
  A centaur warrior (Vaults:3)
  Urug (Lair:4)
  2 deep troll shamans (Depths:4)
  A titan zombie (Depths:4)
  A naga sharpshooter (Snake:4)
  2 deep elf knights (Elf:3)
  A hell knight (Depths:4)
  2 deep trolls (Depths:4)
  A skeletal warrior (Vaults:1)
  A wizard (Vaults:3)
  3 deep elf archers
  2 orc knights
  A tengu zombie (Vaults:4)
  A necromancer (Vaults:4)
  A mana viper (Snake:3)
  5 deep elf magi
  A manticore (Elf:2)
  8 ugly things
  4 elephants (Lair:6)
  A centaur zombie (D:14)
  An apocalypse crab (Depths:2)
  A torpor snail (Lair:3)
  2 spiny frogs
  8 naga magi
  Psyche (D:9)
  10 yaktaurs
  2 freezing wraiths (Vaults:1)
  A komodo dragon (Lair:3)
  3 polar bears
  2 hydra zombies (Swamp:4)
  3 slime creatures
  7 blink frogs
  18 yaks
  A wraith (Vaults:1)
  A large abomination (Abyss:2)
  A basilisk (Lair:3)
  2 hogs (Swamp:2)
  A warg (Elf:3)
  2 swamp worms (Lair:4)
  A water moccasin (Lair:1)
  2 hell hounds
  2 nagas
  2 ice beasts (Lair:2)
  A black bear (D:8)
  5 orc warriors
  2 small abominations
  A wolf (IceCv)
  7 centaurs
  An ogre (Vaults:2)
  2 big kobolds (D:8)
  2 bullfrogs
  A bullfrog zombie (D:13)
  3 orc priests
  5 orc wizards
  A worker ant (D:10)
  A hell rat (Lair:4)
  2 adders
  21 orcs
  A quokka (D:11)
  A crawling corpse (Vaults:2)
  A fungus (Lair:4)
222 creatures vanquished.

Vanquished Creatures (others)
  Asterion (Elf:2)
  2 centaur warriors
  A deep elf knight (Elf:1)
  59 ball lightnings
  A salamander (Snake:2)
  A cyclops (D:15)
  7 yaktaurs
  A water elemental (Elf:1)
  3 centaurs
  57 fungi
  34 plants
  8 starspawn tentacles (Abyss:2)
175 creatures vanquished.

Grand Total: 2035 creatures vanquished

Notes
Turn   | Place    | Note
-------+----------+-------------------------------------------
     0 | D:1      | tilp the Tengu Air Elementalist began the quest for the
                  | Orb.
     0 | D:1      | Reached XP level 1. HP: 10/10 MP: 4/4
    79 | D:1      | Reached XP level 2. HP: 8/15 MP: 3/6
    83 | D:1      | Learned a level 2 spell: Swiftness
   755 | D:2      | Reached XP level 3. HP: 18/19 MP: 3/7
   760 | D:2      | Learned a level 3 spell: Static Discharge
  1292 | D:2      | Found a shimmering blue altar of Sif Muna.
  1298 | D:2      | Became a worshipper of Sif Muna the Loreminder
  1443 | D:2      | Noticed Jessica
  1474 | D:2      | Killed Jessica
  1474 | D:2      | Reached XP level 4. HP: 6/24 MP: 5/8
  1868 | D:2      | Found a basalt altar of Yredelemnul.
  2097 | D:3      | Found a shattered altar of Ashenzari.
  2658 | D:3      | Gained mutation: You can fly continuously. [Tengu growth]
  2658 | D:3      | Reached XP level 5. HP: 19/28 MP: 6/10
  2659 | D:3      | Reached skill level 5 in Air Magic
  2660 | D:3      | Reached skill level 5 in Conjurations
  3812 | D:4      | Found a bloodstained altar of Trog.
  3871 | D:4      | Learned a level 4 spell: Airstrike
  4005 | D:4      | Reached XP level 6. HP: 30/32 MP: 7/11
  4017 | D:4      | Found a hazy altar of Hepliaklqana.
  4164 | D:5      | Entered Level 5 of the Dungeon
  4164 | D:5      | Noticed an ice beast
  4310 | D:5      | Killed an ice beast
  4448 | D:5      | Found an ornate altar of the Wu Jian Council.
  4461 | D:5      | Reached skill level 6 in Air Magic
  4468 | D:5      | Reached * piety under Sif Muna
  4468 | D:5      | Reached XP level 7. HP: 34/36 MP: 3/14
  4609 | D:5      | Found a radiant altar of Vehumet.
  4657 | D:5      | Reached skill level 1 in Fighting
  4911 | D:5      | HP: 1/38 [centaur/arrow (10)]
  5282 | D:5      | Found a snail-covered altar of Cheibriados.
  5614 | D:5      | Learned a level 2 spell: Ensorcelled Hibernation
  5776 | D:6      | Noticed Eustachio
  6000 | D:6      | Reached XP level 8. HP: 45/45 MP: 0/15
  6477 | D:6      | Reached skill level 5 in Dodging
  6962 | D:7      | Reached skill level 1 in Invocations
  6962 | D:7      | Reached skill level 1 in Evocations
  7111 | D:7      | Reached XP level 9. HP: 47/52 MP: 7/16
  7286 | D:7      | Learned a level 3 spell: Tukima's Dance
  7582 | D:7      | Reached skill level 5 in Spellcasting
  7932 | D:7      | Found a staircase to the Ecumenical Temple.
  8003 | D:7      | Reached ** piety under Sif Muna
  9083 | D:8      | Reached skill level 5 in Invocations
  9334 | D:8      | Learned a level 4 spell: Summon Lightning Spire
  9399 | D:8      | Found a staircase to the Lair.
  9528 | D:8      | Noticed a two-headed ogre
  9539 | D:8      | Killed a two-headed ogre
  9539 | D:8      | Reached XP level 10. HP: 56/56 MP: 10/20
  9763 | D:8      | Noticed a death knight
 10393 | D:8      | Reached skill level 5 in Fighting
 10520 | D:8      | Noticed a three-headed hydra
 10529 | D:8      | Killed a three-headed hydra
 11534 | D:9      | Found an opulent altar of Gozag.
 11785 | D:9      | Reached *** piety under Sif Muna
 11881 | D:9      | Noticed Psyche
 11887 | D:9      | Killed Psyche
 11958 | D:9      | Reached XP level 11. HP: 64/64 MP: 5/21
 12063 | D:9      | Reached skill level 7 in Air Magic
 12472 | D:9      | Found a glowing silver altar of Zin.
 12934 | D:9      | Found a shadowy altar of Dithmenos.
 13184 | D:6      | Killed Eustachio
 13399 | D:10     | Entered Level 10 of the Dungeon
 13593 | D:10     | Found Jozeytit's Magic Scroll Boutique.
 13596 | D:10     | Bought a scroll of identify for 28 gold pieces
 13596 | D:10     | Bought a scroll of identify for 28 gold pieces
 13596 | D:10     | Bought a scroll of identify for 28 gold pieces
 13596 | D:10     | Bought a scroll of identify for 28 gold pieces
 14290 | D:10     | Reached skill level 8 in Air Magic
 14340 | D:10     | HP: 3/64 [something (6)]
 14350 | D:10     | Killed an unseen horror
 14733 | D:10     | Noticed a vault guard
 14777 | D:10     | Killed a vault guard
 14981 | D:10     | Found a portal to a secret trove of treasure.
 15022 | D:11     | Learned a level 5 spell: Lightning Bolt
 15101 | D:11     | Noticed a cyan ugly thing
 15118 | D:11     | Noticed a green ugly thing
 15125 | D:10     | Killed a cyan ugly thing
 15125 | D:10     | Reached skill level 9 in Air Magic
 15347 | D:11     | Noticed Josephine
 15883 | D:10     | Killed an unseen horror
 16064 | D:11     | Killed a green ugly thing
 16655 | D:11     | Killed Josephine
 16655 | D:11     | Reached skill level 10 in Conjurations
 16765 | D:11     | Noticed a purple ugly thing
 16801 | D:11     | Killed a purple ugly thing
 16801 | D:11     | Reached skill level 10 in Air Magic
 16936 | D:11     | Reached XP level 12. HP: 70/70 MP: 12/25
 17093 | Lair:1   | Entered Level 1 of the Lair of Beasts
 17270 | Lair:1   | Reached skill level 11 in Air Magic
 17584 | Lair:1   | Noticed a five-headed hydra
 17610 | Lair:1   | Killed a five-headed hydra
 17651 | Lair:1   | Reached skill level 12 in Air Magic
 18271 | Lair:1   | Upgraded the game from 0.25-a0-110-ge29c8f2358 to
                  | 0.25-a0-156-g0c4bda3fdf
 18372 | Lair:1   | Reached **** piety under Sif Muna
 18678 | Lair:2   | Noticed Gastronok
 18888 | Lair:2   | Noticed Erica
 18899 | Lair:2   | Killed Erica
 19122 | Lair:2   | Noticed Nergalle
 19139 | Lair:2   | Killed Nergalle
 20185 | Lair:2   | Noticed a five-headed hydra
 20215 | Lair:2   | Killed a five-headed hydra
 20215 | Lair:2   | Reached skill level 10 in Dodging
 20912 | Lair:2   | Killed Gastronok
 21169 | Lair:3   | Reached XP level 13. HP: 78/78 MP: 17/26
 23149 | Lair:4   | Found a staircase to the Snake Pit.
 23150 | Lair:4   | Noticed Urug
 23207 | Lair:4   | Reached ***** piety under Sif Muna
 23471 | Lair:4   | Received a gift from Sif Muna
 23471 | Lair:4   | Reached skill level 13 in Air Magic
 24568 | Lair:4   | Killed Urug
 25783 | Lair:5   | Found a staircase to the Slime Pits.
 26246 | Lair:6   | Entered Level 6 of the Lair of Beasts
 27241 | Lair:6   | Reached XP level 14. HP: 84/84 MP: 5/28
 27370 | Lair:6   | Reached skill level 14 in Air Magic
 27532 | Lair:6   | Reached skill level 10 in Spellcasting
 28835 | Lair:6   | Found a large runed translucent door.
 28836 | Lair:6   | Found a large runed translucent door.
 29392 | Lair:6   | Reached skill level 15 in Air Magic
 29540 | Lair:6   | Reached skill level 10 in Invocations
 29801 | D:10     | Bought a scroll of teleportation for 42 gold pieces
 29801 | D:10     | Bought a scroll of blinking for 105 gold pieces
 29801 | D:10     | Bought a scroll of magic mapping for 49 gold pieces
 29801 | D:10     | Bought a scroll of teleportation for 42 gold pieces
 30120 | D:12     | Noticed Jorgrun
 30137 | D:12     | Killed Jorgrun
 31220 | D:12     | Found a staircase to the Orcish Mines.
 31240 | Orc:1    | Entered Level 1 of the Orcish Mines
 31337 | Orc:2    | Entered Level 2 of the Orcish Mines
 32315 | Orc:1    | Noticed Harold
 32320 | Orc:1    | Killed Harold
 32428 | Orc:1    | Found Vaebaing's Jewellery Boutique.
 32807 | Orc:2    | Found a roughly hewn altar of Beogh.
 32840 | Orc:2    | Found Osolik's Assorted Antiques.
 32983 | Orc:2    | Found a roughly hewn altar of Beogh.
 33221 | Orc:2    | Noticed an orc warlord
 33317 | Orc:2    | Killed an orc warlord
 33768 | Orc:2    | Found a roughly hewn altar of Beogh.
 33889 | Orc:2    | Found a staircase to the Elven Halls.
 34069 | Orc:2    | Reached skill level 10 in Fighting
 34130 | Orc:2    | Found a roughly hewn altar of Beogh.
 34146 | Orc:2    | Found Vepigyqe's Armour Shoppe.
 34439 | Orc:2    | Noticed an orc warlord
 34446 | Orc:2    | Killed an orc warlord
 34446 | Orc:2    | Reached XP level 15. HP: 80/92 MP: 13/30
 34459 | Orc:2    | Identified Sif Muna's Incunabulum of Vitriolic Heat (Sif
                  | Muna gifted it to you on level 2 of the Orcish Mines)
 34459 | Orc:2    | Received a gift from Sif Muna
 34521 | Orc:2    | Found Sefail's Antique Weapon Boutique.
 34525 | Orc:2    | Found Mulid's Antique Armour Shop.
 34527 | Orc:2    | Found a roughly hewn altar of Beogh.
 34652 | Orc:2    | Bought an ancient leather armour for 217 gold pieces
 34652 | Orc:2    | Bought a runed buckler for 232 gold pieces
 34694 | Orc:2    | Bought the +1 pair of gloves of Atheism {Regen+} for 280
                  | gold pieces
 34694 | Orc:2    | Bought a +3 leather armour of fire resistance for 408 gold
                  | pieces
 34777 | Orc:2    | Bought a scroll labeled BYFFECV WIDEY for 34 gold pieces
 34777 | Orc:2    | Bought a smoky yellow potion for 30 gold pieces
 34777 | Orc:2    | Bought an amethyst potion for 30 gold pieces
 34777 | Orc:2    | Bought a smoky yellow potion for 30 gold pieces
 34827 | Orc:1    | Bought a +2 amulet of reflection for 105 gold pieces
 35004 | D:13     | Noticed Frances
 35008 | D:13     | Reached skill level 1 in Shields
 35010 | D:13     | Killed Frances
 35138 | D:13     | Upgraded the game from 0.25-a0-156-g0c4bda3fdf to
                  | 0.25-a0-161-gb7fd73da8f
 35146 | D:13     | Found a frozen archway.
 35212 | IceCv    | Entered an ice cave
 35789 | IceCv    | Noticed a frost giant
 35800 | IceCv    | Killed a frost giant
 37303 | D:13     | Found a gate to the Vaults.
 38003 | D:13     | Learned a level 3 spell: Mephitic Cloud
 38170 | D:14     | Reached skill level 5 in Evocations
 38953 | D:15     | Entered Level 15 of the Dungeon
 38953 | D:15     | Identified Roxanne's Almanac of Changing
 38953 | D:15     | Noticed Roxanne
 39066 | D:15     | HP: 2/96 [eight-headed hydra (9)]
 39411 | D:15     | Reached XP level 16. HP: 95/101 MP: 18/31
 39495 | D:15     | Found a runed translucent door.
 39497 | D:15     | Noticed Jeoraust's ghost (journeyman MiFi)
 39639 | D:14     | Learned a level 6 spell: Bolt of Fire
 40004 | D:15     | Reached skill level 16 in Air Magic
 40208 | D:15     | Identified Sif Muna's Guide on Bewitching Toxins (Sif Muna
                  | gifted it to you on level 15 of the Dungeon)
 40208 | D:15     | Received a gift from Sif Muna
 40481 | D:15     | Identified the +1 leather armour of Fiovvak {*Contam +Blink
                  | rF+ Dex+3} (You bought it in a shop on level 2 of the
                  | Orcish Mines)
 40820 | D:15     | Found a staircase to the Depths.
 42034 | Lair:4   | Found a staircase to the Swamp.
 42189 | Swamp:1  | Entered Level 1 of the Swamp
 44447 | Swamp:2  | Noticed Kirke
 44455 | Swamp:2  | Killed Kirke
 45778 | Swamp:2  | Noticed a thorn hunter
 45884 | Swamp:2  | Killed a thorn hunter
 46464 | Swamp:2  | Reached skill level 17 in Air Magic
 46704 | Swamp:3  | Reached XP level 17. HP: 106/106 MP: 13/32
 47902 | Swamp:4  | Entered Level 4 of the Swamp
 49952 | Swamp:4  | Noticed a bone dragon
 51003 | Swamp:4  | Got a decaying rune of Zot
 51288 | Snake:1  | Entered Level 1 of the Snake Pit
 51653 | Snake:1  | Reached skill level 18 in Air Magic
 53787 | Snake:2  | Reached skill level 15 in Conjurations
 54907 | Snake:3  | Found Keeshe's Mayhem Merchandise.
 55087 | Snake:3  | Reached XP level 18. HP: 111/112 MP: 1/35
 55577 | Snake:3  | Found a runed translucent door.
 55577 | Snake:3  | Found a shimmering altar of Xom.
 55577 | Snake:3  | Noticed vurker's ghost (adept FoAK)
 56175 | Snake:4  | Entered Level 4 of the Snake Pit
 56342 | Snake:4  | Found a shadowy altar of Dithmenos.
 56370 | Snake:4  | Noticed Agnes
 56443 | Snake:4  | Received a gift from Sif Muna
 57251 | Snake:4  | Killed Agnes
 60433 | Snake:4  | Noticed Louise
 60437 | Snake:4  | Cast into level 2 of the Abyss (Louise)
 60465 | Abyss:2  | Got a twitching gossamer ring
 60617 | Abyss:2  | Found a corrupted altar of Lugonu.
 61296 | Snake:4  | Escaped the Abyss
 61300 | Snake:4  | Upgraded the game from 0.25-a0-161-gb7fd73da8f to
                  | 0.25-a0-164-gb55e97dba5
 61307 | Snake:4  | Killed Louise
 61617 | Snake:4  | Got a serpentine rune of Zot
 61988 | Vaults:1 | Entered Level 1 of the Vaults
 62688 | Vaults:1 | Noticed Aizul
 62806 | Vaults:1 | Killed Aizul
 64166 | Vaults:2 | Reached XP level 19. HP: 122/122 MP: 30/36
 64367 | Vaults:2 | Reached skill level 15 in Dodging
 64712 | Vaults:2 | Found a staircase to the Crypt.
 64712 | Vaults:2 | Found an ancient bone altar of Kikubaaqudgha.
 64713 | Vaults:2 | Found a basalt altar of Yredelemnul.
 64941 | Vaults:2 | Reached skill level 15 in Fighting
 65292 | Vaults:2 | Found Uloqyliq's Gadget Shop.
 65461 | Vaults:2 | Found a radiant altar of Vehumet.
 65462 | Vaults:2 | Noticed a lich
 65468 | Vaults:2 | Killed a lich
 65570 | Vaults:2 | Identified the ring "Qakocloy" {*Tele rC+ rN+ Stlth+} (You
                  | found it on level 2 of the Abyss)
 65837 | Vaults:2 | Reached skill level 19 in Air Magic
 65903 | Vaults:2 | Identified Sif Muna's Papyrus of Destructive Cold (Sif Muna
                  | gifted it to you on level 2 of the Vaults)
 65903 | Vaults:2 | Received a gift from Sif Muna
 65974 | Vaults:2 | Learned a level 6 spell: Freezing Cloud
 65983 | Vaults:2 | Learned a level 6 spell: Conjure Ball Lightning
 66363 | Vaults:2 | Reached skill level 20 in Air Magic
 67547 | Vaults:3 | Reached skill level 21 in Air Magic
 67550 | Vaults:3 | Reached skill level 1 in Staves
 67858 | Vaults:3 | Reached XP level 20. HP: 116/129 MP: 4/37
 68071 | Vaults:3 | Reached skill level 5 in Staves
 69832 | Vaults:3 | Reached skill level 10 in Staves
 70969 | Vaults:4 | Learned a level 1 spell: Apportation
 70971 | Vaults:4 | Learned a level 1 spell: Summon Butterflies
 71244 | Vaults:4 | Reached skill level 5 in Shields
 71695 | Vaults:4 | HP: 3/129 [vault warden/+0 broad axe (41)]
 72161 | Vaults:4 | Identified the +2 flail of an ossuary {crush, MP-9 Dex+4}
 72288 | Vaults:4 | Found Zidgh's Weapon Boutique.
 72883 | Depths:1 | Entered Level 1 of the Depths
 73040 | Depths:1 | Reached XP level 21. HP: 70/134 MP: 7/38
 73634 | Depths:1 | Found a one-way gate to the infinite horrors of the Abyss.
 74303 | Depths:1 | Found a gateway to Hell.
 76920 | Depths:3 | Received a gift from Sif Muna
 76942 | Depths:3 | Learned a level 3 spell: Ozocubu's Armour
 77469 | Depths:3 | HP: 3/136 [something (4)]
 78481 | Depths:3 | Found a one-way gate leading to the halls of Pandemonium.
 78842 | Depths:3 | Found a transporter.
 78869 | Depths:3 | Found a transporter.
 79119 | Depths:3 | Learned a level 5 spell: Silence
 79157 | Depths:4 | Found Lixzahig's Jewellery Shoppe.
 79190 | Depths:4 | Found a flickering gateway to a bazaar.
 79210 | Bazaar   | Entered a bazaar
 79228 | Bazaar   | Found Ilenaupp's Jewellery Shoppe.
 79228 | Bazaar   | Found Diled's Jewellery Emporium.
 79249 | Bazaar   | Found Iclexada's Weapon Shoppe.
 79249 | Bazaar   | Found Ipholihe's Antique Armour Emporium.
 79270 | Bazaar   | Found Xeiddesu's Antique Weapon Shoppe.
 79323 | Bazaar   | Bought a +6 ring of protection for 1404 gold pieces
 79385 | Depths:4 | Bought a +5 ring of intelligence for 494 gold pieces
 79895 | Depths:4 | Upgraded the game from 0.25-a0-164-gb55e97dba5 to
                  | 0.25-a0-166-g16436c4407
 80096 | Depths:4 | Reached XP level 22. HP: 135/143 MP: 1/40
 80514 | Depths:4 | Noticed a caustic shrike
 80521 | Depths:4 | Killed a caustic shrike
 80637 | Depths:4 | Noticed a golden dragon
 80684 | Depths:4 | Noticed a juggernaut
 80697 | Depths:4 | Killed a juggernaut
 81088 | Depths:4 | Killed a golden dragon
 81520 | Depths:4 | Identified the Grimoire of Battle Magic
 81619 | Depths:4 | Found Biagguah's Gadget Boutique.
 81628 | Depths:4 | Found Jaantaki's Antique Weapon Shoppe.
 81748 | Depths:4 | Got a crude diamond amulet
 81749 | Depths:4 | Identified the amulet of Ewidghok {-Tele rPois Regen+
                  | Dex+6} (You found it on level 4 of the Depths)
 82257 | Elf:1    | Entered Level 1 of the Elven Halls
 83753 | Elf:1    | Found a runed translucent door.
 83754 | Elf:1    | Noticed Zeximyuf's ghost (adept OpFi)
 84184 | Elf:2    | Noticed Asterion
 84221 | Elf:2    | Found a flickering gateway to a bazaar.
 84242 | Bazaar   | Entered a bazaar
 84256 | Bazaar   | Found Qeevar's Food Emporium.
 84256 | Bazaar   | Found Wuozont's Food Shoppe.
 84277 | Bazaar   | Found Eloips's Distillery.
 84292 | Bazaar   | Found Geqy's Antique Armour Shoppe.
 84296 | Bazaar   | Bought a pair of faintly humming gloves for 133 gold pieces
 84296 | Bazaar   | Identified the cursed +0 pair of gloves "Okhlyz" {rF++}
                  | (You bought it in a shop in a bazaar)
 84308 | Bazaar   | Found Fefoabb's Magic Scroll Emporium.
 84308 | Bazaar   | Found Oskipn's Antique Weapon Shoppe.
 84359 | Bazaar   | Bought 3 scrolls of identify for 78 gold pieces
 84359 | Bazaar   | Bought a scroll of fog for 26 gold pieces
 84359 | Bazaar   | Bought a scroll of teleportation for 39 gold pieces
 84393 | Bazaar   | Bought a potion of ambrosia for 88 gold pieces
 84393 | Bazaar   | Bought a potion of invisibility for 88 gold pieces
 84393 | Bazaar   | Bought a potion of haste for 110 gold pieces
 84393 | Bazaar   | Bought a potion of agility for 44 gold pieces
 84393 | Bazaar   | Bought a potion of heal wounds for 55 gold pieces
 84393 | Bazaar   | Bought a potion of heal wounds for 55 gold pieces
 84393 | Bazaar   | Bought a potion of heal wounds for 55 gold pieces
 84393 | Bazaar   | Bought a potion of curing for 33 gold pieces
 84419 | Bazaar   | Bought a ration for 35 gold pieces
 84419 | Bazaar   | Bought a ration for 35 gold pieces
 84419 | Bazaar   | Bought a ration for 35 gold pieces
 84419 | Bazaar   | Bought a ration for 35 gold pieces
 84690 | Elf:2    | Killed Asterion
 85318 | Elf:2    | Found a runed translucent gate.
 85319 | Elf:2    | Found a runed translucent gate.
 85322 | Elf:2    | Found a runed translucent gate.
 85486 | Elf:3    | Entered Level 3 of the Elven Halls
 86310 | Elf:3    | Found Diaghij's Distillery.
 86621 | Elf:3    | Identified the +3 dagger "Nast" {pierce, *Rage +Blink rC+
                  | MR+ Int+2}
 87137 | Elf:3    | Identified the +3 mace of the Final Decision {holy, rC++
                  | Dex+4}
 87227 | Elf:3    | Identified the ring of Xolyasutz {+Blink rF+ Str-3 Dex+5
                  | Slay-5}
 87241 | Elf:3    | Reached skill level 15 in Spellcasting
 87438 | Elf:3    | Reached XP level 23. HP: 151/151 MP: 6/43
 87697 | Elf:3    | Identified the amulet "Sosufue" {Spirit rF++ rC+ Int+5}
 87723 | Elf:3    | Identified the ring of Puetal {Fire Str-5 Dex+4 Slay+3}
 87728 | Elf:3    | Identified the +9 long sword of Hacking and Slashing
                  | {flame, rC+}
 87876 | Elf:3    | Identified the ring of the King {Wiz rPois rF+}
 87901 | Elf:3    | Noticed Saint Roka
 87918 | Elf:3    | Killed Saint Roka
 88380 | Elf:3    | Identified The Testament of the Deep Elf Lorekeeper
 88400 | Elf:3    | Learned a level 3 spell: Regeneration
 88909 | Depths:5 | Entered Level 5 of the Depths
 89687 | Depths:5 | Found a gateway to a ziggurat.
 90068 | Depths:5 | Noticed a juggernaut
 90087 | Depths:5 | Killed a juggernaut
 91041 | Depths:5 | Reached skill level 15 in Invocations
 91367 | Depths:5 | Noticed a juggernaut
 91577 | Depths:5 | Killed a juggernaut
 92787 | Depths:5 | Found a gate to the Realm of Zot.
 93551 | Vaults:5 | Entered Level 5 of the Vaults
 93641 | Vaults:5 | HP: 5/152 [frost giant/+2 battleaxe of freezing (24)]
 93642 | Vaults:5 | Killed from afar by a titan

Levels and vault maps discovered:
D:1:      mrwooster_arrival_arrow, layout_basic, serial_glass, glass_columns_c,
          glass_columns_a, chequers_jeans
D:2:      layout_basic, nicolae_overflow_crystal_walls, first_ration,
          minivault_27, minmay_misc_feat_iff, led_sif_pool, uniq_jessica
D:3:      layout_basic, ashenzari_altar_1
D:4:      layout_cave_pods, lemuel_crystal_altar, trog_book
D:5:      layout_gridville, vehumet_altar_wand_db, lemuel_doored_altar,
          lemuel_crystal_altar
D:6:      layout_basic, hangedman_decor_points, uniq_eustachio
D:7:      layout_loops_cross, minmay_temple_entry_glassed_door
D:8:      minmay_opposing_rooms, layout_loops_ring, due_lair_maze_entry_diamond,
          hangedman_ranch [blue_anna_fruit_fields]
D:9:      layout_roguey, lemuel_coloured_pillars_altar, kennysheep_little_box,
          lemuel_round_altar, uniq_psyche
D:10:     layout_irregular_city, enter_trove_5, serial_shops, kennysheep_mini
D:11:     layout_cross, uniq_josephine
D:12:     layout_loops_cross, david_orc_4, uniq_jorgrun
D:13:     wad_bat_island, layout_stronghold, david_vaults_1,
          portal_ice_cave_entry_animals_and_master, uniq_frances
D:14:     layout_gridville, serial_park_tiny_pond, hangedman_aviary
D:15:     grunt_enter_depths_snipers, layout_rooms, minmay_curled_crystal,
          ebering_ghost_inner_flame, minmay_diced_spiral, uniq_roxanne
Lair:1:   layout_loops_ring, eino_small_chamber_without_monster,
          grunt_megastairs_3, serial_bayou_shore_b
Lair:2:   layout_layer_cave, serial_bayou_lagoon_a, ice2_lemuel, uniq_nergalle,
          uniq_erica, uniq_gastronok
Lair:3:   minmay_lair_venomous_thicket, layout_gridlike, grunt_megastairs_2
Lair:4:   layout_regular_city, nicolae_swamp_entry_splash_gauntlet,
          minmay_snake_entry_six_corridors, uniq_urug
Lair:5:   layout_cave_pods, minmay_slime_entry_eyes, grunt_megastairs_4,
          lemuel_fruit_fields
Lair:6:   cheibrodos_lair_end_hotspot, layout_gridlike
Swamp:1:  layout_falls_marsh, hangedman_swamp_cone
Swamp:2:  layout_basic_swamp, evilmike_swamp_ruin_house_2, uniq_kirke
Swamp:3:  layout_basic_swamp, evilmike_swamp_ruin_house_3
Swamp:4:  swamp_pestilence, layout_basic_swamp
Snake:1:  layout_rooms
Snake:2:  onia_ninara_swampy_vault, layout_gridlike,
          nicolae_snake_round_shape_thing, nicolae_snake_squiggles
Snake:3:  layout_rooms, ebering_ghost_xom, minmay_shop_mayhem,
          grunt_megastairs_1
Snake:4:  minmay_snake_end_coiled, layout_misc_corridors, basic_altar,
          grunt_ministairs_9, nicolae_snake_single_loop, uniq_louise, uniq_agnes
Orc:1:    layout_diamond_mine, serial_shops, nicolae_shop_crystal, uniq_harold
Orc:2:    grunt_orc_community_town_hall, layout_caves,
          grunt_orc_community_big_house_1, grunt_orc_community_big_house_2,
          grunt_orc_community_house_2, grunt_orc_community_house_3,
          grunt_orc_community_house_2, grunt_orc_community_house_3,
          grunt_orc_community_house_1, grunt_orc_community_house_2, basic_altar,
          nicolae_orc_pool_cavern
Elf:1:    layout_gridlike, gammafunk_ghost_grave, minivault_28, kb_rosetta
Elf:2:    layout_rooms, serial_shops, bzr_entry_dummy, special_room
          [special_room_mythical_zoo], uniq_asterion
Elf:3:    minmay_elf_hall_quartered_circle, layout_rooms, serial_shops,
          nicolae_shop_temple_entry_statues_fountains, minivault_14,
          minivault_16, uniq_saint_roka
Vaults:1: v_misc_9, vaults_dpeg_ring, vaults_dpeg_cross,
          ontoclasm_vaults_shuriken, nicolae_vaults_alarming,
          layout_vaults_omnigrid, uniq_aizul
Vaults:2: nicolae_vaults_twisting_passages, hangedman_vaults_restitches,
          vaults_mumra_hexcomb, hangedman_vaults_trim,
          ontoclasm_vaults_ring_large, grunt_vaults_hallway_long,
          grunt_tower_of_power, hangedman_vaults_nodes,
          minmay_crypt_entry_necro_gods, nicolae_vaults_little_ls,
          ontoclasm_vaults_ring_square, hangedman_vaults_variations,
          nicolae_vaults_shelves_hall, layout_vaults_maze_bifur, serial_shops,
          shop, serial_glass
Vaults:3: nicolae_vaults_octagons, grunt_vaults_trifunnel,
          nicolae_vaults_diagonal_hallway_8, nicolae_vaults_what_the_h,
          hangedman_vaults_maws, v_misc_26, ontoclasm_vaults_tryst,
          nicolae_vaults_asterisk, nicolae_vaults_sealed_display,
          hangedman_vaults_trim, layout_vaults_omnicross
Vaults:4: v_misc_15, nicolae_vaults_ninety_degrees, nicolae_vaults_asterisk,
          v_misc_1, dpeg_vaults_monster_box, v_misc_19, vaults_room_semicircle,
          vaults_mumra_minichess, vaults_room_fours, layout_vaults_big_room,
          serial_shops, nicolae_shop_trees
Vaults:5: uniq_sojobo
Depths:1: layout_gridville, hangedman_coc_ice_floe,
          serial_sigils_hangedman_gnaw, abyss_entry, minivault_14,
          lemuel_flame_loot_1
Depths:2: gammafunk_mikee_crab_dinner, layout_cave_pools, hell_entry,
          kennysheep_doodads, drop_trap
Depths:3: gammafunk_jiyva_shrine, layout_cave_pools, marbit_kobold_abyss_entry,
          grunt_mini_vestibule, rand_demon_pan_entry_7,
          infiniplex_staircase_door_maze
Depths:4: minmay_chopped_fan, layout_basic, hell_entry, abyss_entry,
          minivault_11, serial_shops, bzr_in_the_mist, nicolae_shop_stone,
          nicolae_shop_waterfront, shop, hangedman_abyss_or_decor_stagger,
          infiniplex_staircase_zigzag_5
Depths:5: evilmike_zot_entry_argh, layout_gridlike, enter_ziggurat_c,
          abyss_entry, hell_entry

Skill      XL: |  1  2  3  4  5  6  7  8  9 10 11 12 13 14 15 16 17 18 19 20 21 22 23 |
---------------+----------------------------------------------------------------------+-----
Conjurations   | 2 4 5 6 7 10 12 13 15 | 15.0
Air Magic      | 5 6 10 12 13 15 17 18 21 | 21.7
Spellcasting   | 3 4 6 8 9 10 12 13 15 | 15.0
Fighting       | 2 4 6 8 10 12 14 15 16 17 18 | 18.0
Dodging        | 4 6 8 10 11 12 14 15 16 | 16.6
Stealth        | 3 4 |  4.0
Invocations    | 1 7 9 10 11 12 13 15 | 15.0
Evocations     | 2 4 5 8 |  8.0
Shields        | 4 9 |  9.4
Staves         | 4 10 12 | 12.0

Action                   |  1- 3 |  4- 6 |  7- 9 | 10-12 | 13-15 | 16-18 | 19-21 | 22-24 || total
-------------------------+-------+-------+-------+-------+-------+-------+-------+-------++-------
Melee: Short sword       |    16 |       |       |       |       |       |       |       ||    16
       Kick              |     5 |     5 |    24 |    54 |    89 |    72 |   108 |    28 ||   385
       Peck              |     1 |     6 |    21 |    52 |    62 |    53 |    61 |    18 ||   274
       Dagger            |       |    25 |   106 |   162 |       |       |       |       ||   293
       Scimitar          |       |       |       |    29 |    94 |       |       |       ||   123
       Staff             |       |       |       |       |   313 |   286 |   400 |    90 ||  1089
Throw: Dart              |       |       |     5 |     2 |     2 |       |       |       ||     9
 Cast: Shock             |    46 |    98 |   124 |    92 |   112 |    39 |     2 |       ||   513
       Airstrike         |       |     1 |    57 |   217 |   485 |   872 |   631 |   539 ||  2802
       Static Discharge  |       |       |     6 |     9 |    55 |    14 |    18 |       ||   102
       Summon Lightning  |       |       |     2 |    29 |    54 |    63 |    83 |    78 ||   309
       Tukima's Dance    |       |       |       |     1 |       |       |       |       ||     1
       Lightning Bolt    |       |       |       |    35 |   123 |   184 |   207 |    84 ||   633
       Swiftness         |       |       |       |       |     1 |     1 |     1 |     2 ||     5
       Conjure Ball Ligh |       |       |       |       |       |       |     8 |    13 ||    21
       Apportation       |       |       |       |       |       |       |    11 |       ||    11
       Freezing Cloud    |       |       |       |       |       |       |     4 |     2 ||     6
       Silence           |       |       |       |       |       |       |     1 |     1 ||     2
Invok: Channel Magic     |       |       |     1 |    19 |    33 |    43 |    45 |    23 ||   164
 Abil: Fly               |       |       |     1 |       |     1 |       |       |     1 ||     3
       Stop Flying       |       |       |       |     1 |       |       |       |     2 ||     3
Evoke: Wand              |       |       |       |     2 |     2 |     6 |     3 |       ||    13
       Sack of spiders   |       |       |       |       |       |     1 |       |       ||     1
       Box of beasts     |       |       |       |       |       |       |     1 |       ||     1
  Use: Scroll            |     4 |     7 |     4 |     9 |     8 |    18 |    12 |    10 ||    72
       Potion            |       |       |       |     6 |     1 |     4 |     2 |     2 ||    15
 Stab: Sleeping          |     3 |       |       |       |     1 |     1 |     2 |       ||     7
       Distracted        |       |       |       |     1 |     2 |     1 |     2 |       ||     6
  Eat: Chunk             |     2 |    10 |    24 |    45 |    81 |    39 |    56 |    42 ||   299
       Ration            |       |       |       |    10 |    11 |    24 |     9 |     2 ||    56
Armor: Robe              |     3 |    11 |    20 |    60 |    57 |       |    19 |    23 ||   193
       Leather armour    |       |       |       |       |    35 |    68 |     1 |       ||   104
Dodge: Dodged            |    18 |    29 |    90 |   286 |   563 |   598 |   363 |   138 ||  2085
       Deflected         |       |       |       |       |     6 |    37 |    43 |    16 ||   102
Block: Buckler           |       |       |       |       |    95 |   287 |   217 |    58 ||   657
       Reflection        |       |       |       |       |     7 |    23 |    53 |     4 ||    87
       Other             |       |       |       |       |     3 |       |       |       ||     3
       Rpst.: Scimitar   |       |       |       |    19 |    33 |       |       |       ||    52

Table legend:
 A = Non-vault XP
 B = Vault XP
 C = Vault XP percentage of total XP
 D = Non-vault monster count
 E = Vault monster count
 F = Vault count percentage of total count
                 A         B        C        D         E       F
            +---------+---------+-------+---------+---------+-------
      Total |  490685 |  322041 |  39.6 |    1220 |     647 |  34.7
            +---------+---------+-------+---------+---------+-------
        D:1 |      18 |       0 |   0.0 |      11 |       0 |   0.0
        D:2 |      82 |      37 |  31.1 |      24 |       1 |   4.0
        D:3 |      77 |       0 |   0.0 |      19 |       0 |   0.0
        D:4 |     111 |       0 |   0.0 |       7 |       0 |   0.0
        D:5 |     602 |       2 |   0.3 |      25 |       1 |   3.8
        D:6 |    1042 |     191 |  15.5 |      24 |       1 |   4.0
        D:7 |    1250 |       0 |   0.0 |      24 |       0 |   0.0
        D:8 |     378 |    3993 |  91.4 |       8 |      24 |  75.0
        D:9 |    2435 |     359 |  12.8 |      42 |       1 |   2.3
       D:10 |    3448 |     904 |  20.8 |      20 |       1 |   4.8
       D:11 |    2210 |    1438 |  39.4 |      13 |       4 |  23.5
       D:12 |    4300 |    3390 |  44.1 |      26 |      20 |  43.5
       D:13 |    9631 |    6789 |  41.3 |      49 |      22 |  31.0
       D:14 |    6389 |    5827 |  47.7 |      25 |       9 |  26.5
       D:15 |   10274 |    6291 |  38.0 |      30 |       9 |  23.1
     Lair:1 |    3627 |     485 |  11.8 |      14 |       2 |  12.5
     Lair:2 |    3871 |    5356 |  58.0 |      21 |      14 |  40.0
     Lair:3 |    3889 |    1892 |  32.7 |      17 |      14 |  45.2
     Lair:4 |    4260 |    2961 |  41.0 |      25 |      21 |  45.7
     Lair:5 |    3079 |    2246 |  42.2 |       9 |       6 |  40.0
     Lair:6 |   12722 |    8398 |  39.8 |      43 |      23 |  34.8
    Swamp:1 |   16719 |       0 |   0.0 |      42 |       0 |   0.0
    Swamp:2 |   17852 |    2257 |  11.2 |      38 |       3 |   7.3
    Swamp:3 |   10923 |       0 |   0.0 |      26 |       0 |   0.0
    Swamp:4 |   12890 |   12103 |  48.4 |      21 |      42 |  66.7
    Snake:1 |    5051 |       0 |   0.0 |      12 |       0 |   0.0
    Snake:2 |   13836 |    4133 |  23.0 |      19 |      11 |  36.7
    Snake:3 |   11972 |     920 |   7.1 |      27 |       2 |   6.9
    Snake:4 |    9513 |   24470 |  72.0 |      19 |      48 |  71.6
      Orc:1 |    3669 |     747 |  16.9 |      29 |       1 |   3.3
      Orc:2 |    3026 |    8400 |  73.5 |      30 |      73 |  70.9
      Elf:1 |   13529 |    8732 |  39.2 |      25 |      15 |  37.5
      Elf:2 |    6315 |   15786 |  71.4 |      11 |      19 |  63.3
      Elf:3 |   19241 |   39504 |  67.2 |      31 |      35 |  53.0
   Vaults:1 |    9758 |    3845 |  28.3 |      24 |       7 |  22.6
   Vaults:2 |   40308 |   30383 |  43.0 |      66 |      41 |  38.3
   Vaults:3 |   30284 |   32623 |  51.9 |      68 |      61 |  47.3
   Vaults:4 |   18672 |   18086 |  49.2 |      24 |      21 |  46.7
   Vaults:5 |    1189 |    7908 |  86.9 |       3 |       7 |  70.0
   Depths:1 |   28516 |       0 |   0.0 |      38 |       0 |   0.0
   Depths:2 |   14549 |    5544 |  27.6 |      30 |      12 |  28.6
   Depths:3 |   29663 |    7623 |  20.4 |      40 |      18 |  31.0
   Depths:4 |   33759 |   25749 |  43.3 |      43 |      11 |  20.4
   Depths:5 |   53879 |   13951 |  20.6 |      39 |      11 |  22.0
    Abyss:2 |   11877 |       0 |   0.0 |      39 |       0 |   0.0
      IceCv |       0 |    8718 | 100.0 |       0 |      36 | 100.0
            +---------+---------+-------+---------+---------+-------
